 Dungeon Crawl Stone Soup version 0.23.2-1-ga50397a6bc (webtiles) character file.

Game seed: 13701819582219333129

82 Menchi the Skirmisher (level 4, 0/44 HPs)
             Began as a Naga Fighter on May 17, 2019.
             Slain by a gnoll (4 damage)
             ... on level 3 of the Dungeon.
             The game lasted 00:02:14 (2275 turns).

Menchi the Skirmisher (Naga Fighter)                Turns: 2275, Time: 00:02:14

Health: 0/44       AC:  5    Str: 19    XL:     4   Next: 43%
Magic:  4/4        EV:  8    Int:  9    God:
Gold:   100        SH:  0    Dex: 10    Spells: 3/3 levels left

rFire    . . .     SeeInvis +   a - +0 long sword
rCold    . . .     Gourm    .   (no shield)
rNeg     . . .     Faith    .   b - +0 scale mail
rPois    +         Spirit   .   h - +1 hat
rElec    .         Reflect  .   (no cloak)
rCorr    .         Harm     .   (no gloves)
MR       .....                  (no barding)
Stlth    ..........             (no amulet)
HPRegen  0.14/turn              (no ring)
MPRegen  0.09/turn              (no ring)

@: very slow
A: large, see invisible, deformed body, poison resistance, slowness 2, slow
metabolism 1, spit poison 1, AC +1
a: Spit Poison


You were on level 3 of the Dungeon.
You were not hungry.

You visited 1 branch of the dungeon, and saw 3 of its levels.

You collected 100 gold pieces.

Inventory:

Hand Weapons
 a - a +0 long sword (weapon)
Armour
 b - a +0 scale mail (worn)
 c - a +0 shield
 h - a +1 hat (worn)
Scrolls
 e - 2 scrolls of magic mapping {unknown}
 i - a scroll of blinking {unknown}
 k - a scroll of teleportation {unknown}
 l - a scroll of noise {unknown}
 n - a scroll of identify {unknown}
 q - 3 scrolls of fear {unknown}
Potions
 d - a potion of might
 g - a potion of flight {unknown}
 j - 2 potions of invisibility {unknown}
 m - a potion of cancellation {unknown}
 o - a potion of brilliance {unknown}
 p - a potion of degeneration {unknown}
Comestibles
 f - 3 rations
 r - 2 chunks of flesh


   Skills:
 * Level 4.2 Fighting
 - Level 2.0 Long Blades
 - Level 2.4 Armour
 + Level 1.3 Dodging
 + Level 2.9 Shields


You had 3 spell levels left.
You didn't know any spells.
Your spell library was empty.

Dungeon Overview and Level Annotations

Branches:
Dungeon (3/15)

Altars:
The Shining One

Annotations:
D:2 1 runed translucent door, Crazy Yiuf


Innate Abilities, Weirdness & Mutations

You cannot wear boots.
Your serpentine skin is tough. (AC +1)
You have supernaturally acute eyesight. (SInv)
Armour fits poorly on your strangely shaped body.
Your system is resistant to poisons. (rPois)
You cover ground very slowly.
You have a slow metabolism.
You can spit poison.


Message History

The gnoll hits you. The gnoll hits you with a +0 club!
* * * LOW HITPOINT WARNING * * *
The gnoll hits you.
* * * LOW HITPOINT WARNING * * *
You slash the gnoll!
The gnoll is almost dead.
The gnoll closely misses you. The gnoll hits you but does no damage.
Your scale mail prevents you from hitting the gnoll.
The gnoll is almost dead.
The gnoll hits you but does no damage. The gnoll hits you with a +0 club!
* * * LOW HITPOINT WARNING * * *
You hit the gnoll but do no damage.
The gnoll is almost dead.
The gnoll hits you but does no damage.
You slash the gnoll!
You kill the gnoll!
You slash the gnoll!
The gnoll is heavily wounded.
The gnoll hits you.
You die...

#.# .# ..
..##.##...
......<..#
##..$.......
####..#........
#####......>.#....#
......#..##...#...#
........†g@........
.#..###.###.#.....#
### #..##...#
##.##... #..##.#
##..#.#########
##.÷...#.....##
#.............#
#..........<....


You could see a gnoll.

Vanquished Creatures
  2 gnolls (D:3)
  2 adders (D:2)
  2 worms (D:2)
  2 dart slugs (D:1)
  A giant cockroach (D:2)
  7 hobgoblins
  4 jackals (D:3)
  A quokka (D:2)
  2 bats (D:2)
  2 frilled lizards
  2 goblins
  6 kobolds
  4 rats
37 creatures vanquished.

Notes
Turn   | Place    | Note
-------+----------+-------------------------------------------
     0 | D:1      | Menchi the Naga Fighter began the quest for the Orb.
     0 | D:1      | Reached XP level 1. HP: 21/21 MP: 1/1
   117 | D:1      | Reached XP level 2. HP: 5/28 MP: 2/2
   878 | D:2      | Found a glowing golden altar of the Shining One.
   949 | D:2      | Reached XP level 3. HP: 19/34 MP: 3/3
  1286 | D:2      | Reached skill level 1 in Dodging
  1623 | D:2      | Found a runed translucent door.
  1624 | D:2      | Noticed Crazy Yiuf
  1986 | D:2      | Reached skill level 4 in Fighting
  2224 | D:3      | Reached XP level 4. HP: 44/44 MP: 4/4
  2275 | D:3      | Slain by a gnoll

Skill      XL: |  1  2  3 |
---------------+----------+-----
Dodging        | 1 |  1.3
Fighting       | 4 |  4.2
Long Blades    | |  2.0
Armour         | |  2.4
Shields        | |  2.9

Action                   |  1- 3 |  4- 6 || total
-------------------------+-------+-------++-------
Melee: Long sword        |    93 |    24 ||   117
 Abil: Spit Poison       |     3 |       ||     3
  Eat: Chunk             |     2 |     1 ||     3
Armor: Scale mail        |    71 |    27 ||    98
Dodge: Dodged            |    49 |    22 ||    71
       Rpst.: Long sword |    23 |     5 ||    28
